 Dungeon Crawl Stone Soup version 0.31-a0-174-g85c54bcb58 (webtiles) character file.

Game seed: 6891957405888168295

1979 qw the Cleaver (level 9, -2/55 HPs)
             Began as a Gargoyle Fighter on June 15, 2023.
             Was an Initiate of Okawaru.
             Slain by a deep troll (9 damage)
             ... on level 7 of the Dungeon.
             The game lasted 00:02:49 (5472 turns).

qw the Cleaver (Gargoyle Fighter)                   Turns: 5472, Time: 00:02:50

Health: -2/55      AC: 17    Str: 24    XL:     9   Next: 20%
Magic:  9/9        EV:  7    Int:  9    God:    Okawaru [......]
Gold:   294        SH:  9    Dex:  9    Spells: 8/8 levels left

rFire   . . .        Y - +3 war axe
rCold   . . .        b - +0 kite shield
rNeg    + . .        e - +0 chain mail
rPois   inf          g - +0 helmet
rElec   +            (no cloak)
rCorr   .            (no gloves)
SInv    +            (no boots)
Will    .....        (no amulet) Stlth
                     j - ring of see invisible
HPRegen 0.29/turn    (no ring)
MPRegen 0.11/turn

%: no passive effects
@: no status effects
A: sickness immunity, AC +6, negative energy resistance 1, electricity
resistance, torment resistance 1, petrification resistance
a: Renounce Religion


You were on level 7 of the Dungeon.
You worshipped Okawaru.
Okawaru was noncommittal.
You visited 2 branches of the dungeon, and saw 8 of its levels.

You collected 294 gold pieces.


Innate Abilities, Weirdness & Mutations

You are immune to sickness and miasma.
Your stone body is resilient. (AC +6)
You are immune to poison.
You resist negative energy. (rN+)
You are resistant to electric shocks. (rElec)
You are resistant to unholy torment.
You are immune to petrification.


   Skills:
 - Level 6.2 Fighting
 - Level 8.1 Axes
 - Level 1.4 Throwing
 - Level 4.0 Armour
 - Level 1.3 Dodging
 + Level 6.5 Shields


You had 8 spell levels left.
You didn't know any spells.
Your spell library was empty.

Inventory:

Hand Weapons
 l - a +0 flail
 Y - a +3 war axe (weapon)
Missiles
 h - a boomerang (quivered)
Armour
 b - a +0 kite shield (worn)
 e - a +0 chain mail (worn)
 g - a +0 helmet (worn)
Jewellery
 c - a ring of resist corrosion
 j - a ring of see invisible (left hand)
 k - an amulet of guardian spirit
 o - an amulet of the acrobat
Scrolls
 a - 2 scrolls of identify
 m - a scroll of teleportation {unknown}
Potions
 d - 3 potions of might
 f - a potion of curing
 i - a potion of cancellation
 n - a potion of lignification

Dungeon Overview and Level Annotations

Branches:
Dungeon (7/15)             Temple (1/1) D:5

Altars:
Ashenzari
Cheibriados
Dithmenos
Elyvilon
Fedhas
Gozag
Hepliaklqana
Kikubaaqudgha
Makhleb
Nemelex Xobeh
Okawaru
Qazlal
Trog
Vehumet
Wu Jian
Xom
Yredelemnul
Zin

Annotations:
D:4 2 transporters


Message History

Enter note:
Enter note: You throw a boomerang.
The boomerang hits the deep troll.
The deep troll is lightly wounded.
You throw a boomerang. The boomerang hits the deep troll.
The deep troll is lightly wounded.
You throw a boomerang.
The boomerang hits the deep troll but does no damage.
The deep troll is lightly wounded.
You throw a boomerang. The boomerang hits the deep troll!
The deep troll is moderately wounded.
You slash the deep troll!
The deep troll is moderately wounded.
The deep troll barely misses you. The deep troll claws you. x2
The deep troll bites you! The deep troll closely misses you.
You block the deep troll's attack.
You hit the deep troll.
The deep troll is moderately wounded.
The deep troll bites you but does no damage.
The deep troll claws you! You block the deep troll's attack.
You hit the deep troll but do no damage.
The deep troll is moderately wounded.
You block the deep troll's attack. x3
You barely miss the deep troll.
The deep troll is moderately wounded.
You block the deep troll's attack. The deep troll completely misses you.
The deep troll claws you but does no damage.
You hit the deep troll.
The deep troll is moderately wounded.
You block the deep troll's attack. x2; The deep troll claws you.
You hit the deep troll but do no damage.
The deep troll is moderately wounded.
You block the deep troll's attack. x2; The deep troll barely misses you.
The deep troll bites you but does no damage.
The deep troll claws you but does no damage.
The deep troll barely misses you.
You completely miss the deep troll.
The deep troll is moderately wounded.
The deep troll bites you! The deep troll claws you!
You die...

#..##..#...####..
##.####....##
#... ##..# ##..##
##... #..## #.##
#.... ##..# #.#
#.... #..## ###
#.... ##..# #....
#.#.## ##...
###.@# #...
##.T...... #...
#####.... #... ..
#... #... ###
##.. #.## ##.
##..## ##
###....## #


You could see a deep troll.

Vanquished Creatures
  Grinder (D:5)
  2 water moccasins
  2 black bears (D:6)
  2 centaurs
  2 phantoms
  A kobold brigand (D:7)
  A bullfrog (D:7)
  A scorpion (D:6)
  5 wights (D:7)
  2 vampire bats (D:3)
  4 hounds
  An iron imp (D:6)
  A sleepcap (D:7)
  3 iguanas
  3 orc wizards (D:5)
  10 adders
  2 shadow imps (D:6)
  2 ufetubi
  4 worms
  3 dart slugs
  13 orcs
  10 bats
  7 endoplasms
  2 giant cockroaches
  13 goblins
  12 hobgoblins
  9 jackals
  2 quokkas
  9 ball pythons
  2 frilled lizards
  11 kobolds
  2 rats (D:1)
144 creatures vanquished.

Vanquished Creatures (others)
  An orc (D:4)
1 creature vanquished.

Grand Total: 145 creatures vanquished

Notes
Turn   | Place    | Note
-------+----------+-------------------------------------------
     0 | D:1      | qw the Gargoyle Fighter began the quest for the Orb.
     0 | D:1      | Reached XP level 1. HP: 14/14 MP: 1/1
     0 | D:1      | 0 ||| qw: Version: 0.2-a-29-g511e9b1
     0 | D:1      | 0 ||| qw: Game counter: 5485
     0 | D:1      | 0 ||| qw: Always use a shield: true
     0 | D:1      | 0 ||| qw: God list: Okawaru
     0 | D:1      | 0 ||| qw: Allow faded altars: false
     0 | D:1      | 0 ||| qw: Do Orc after D:15 true
     0 | D:1      | 0 ||| qw: Do second Lair branch before Depths: true
     0 | D:1      | 0 ||| qw: Lair rune preference: random
     0 | D:1      | 0 ||| qw: Plans: Normal, Zot:1-4, Slime:5, God:TSO, Crypt,
                  | Tomb, Abyss, Pan, Hells, Win
     0 | D:1      | 0 ||| PLANNING D:1-11
    38 | D:1      | Reached skill level 2 in Axes
    79 | D:1      | Reached XP level 2. HP: 18/19 MP: 2/2
   424 | D:1      | Reached skill level 3 in Axes
   482 | D:1      | Reached XP level 3. HP: 23/23 MP: 3/3
   830 | D:1      | 830 ||| UPGRADING to +0 helmet.
   835 | D:1      | 835 ||| READING 3 scrolls labelled ATIWO XICS.
   836 | D:1      | 836 ||| READING scroll labelled SOBLAAWN URYSS.
   850 | D:1      | 850 ||| READING scroll labelled WEOMECWAPLY.
   851 | D:1      | 851 ||| READING 2 scrolls of identify.
   851 | D:1      | 851 ||| IDENTIFYING fuming puce potion
   978 | D:2      | 978 ||| DROPPING +0 whip.
  1019 | D:2      | Reached XP level 4. HP: 28/28 MP: 4/4
  1028 | D:2      | 1028 ||| Stepping ~*~*~tactically~*~*~ (stealth).
  1036 | D:2      | Reached skill level 4 in Axes
  1067 | D:2      | Found a faded altar of an unknown god.
  1249 | D:2      | 1249 ||| DROPPING scarf of invisibility.
  1250 | D:2      | 1250 ||| READING scroll labelled OMIMAA XEBRAFI.
  1251 | D:2      | 1251 ||| READING scroll labelled AZOD BILAEGIM.
  1252 | D:2      | 1252 ||| DRINKING 2 cyan potions.
  1334 | D:3      | 1334 ||| Stepping ~*~*~tactically~*~*~ (stealth).
  1335 | D:3      | 1335 ||| Stepping ~*~*~tactically~*~*~ (stealth).
  1348 | D:3      | Found a stormy altar of Qazlal.
  1352 | D:3      | 1352 ||| Stepping ~*~*~tactically~*~*~ (stealth).
  1375 | D:3      | Reached XP level 5. HP: 29/32 MP: 5/5
  1409 | D:3      | Reached skill level 5 in Axes
  1441 | D:3      | 1441 ||| Stepping ~*~*~tactically~*~*~ (stealth).
  1465 | D:3      | 1465 ||| Stepping ~*~*~tactically~*~*~ (stealth).
  1512 | D:3      | 1512 ||| Stepping ~*~*~tactically~*~*~ (hiding).
  1513 | D:3      | 1513 ||| Stepping ~*~*~tactically~*~*~ (hiding).
  1514 | D:3      | 1514 ||| Stepping ~*~*~tactically~*~*~ (hiding).
  1518 | D:3      | 1518 ||| Stepping ~*~*~tactically~*~*~ (hiding).
  1762 | D:3      | 1762 ||| READING scroll labelled ROTON VUJOJ.
  1763 | D:3      | 1763 ||| READING scroll labelled CINLAY OFIO.
  1764 | D:3      | 1764 ||| DRINKING 2 murky red potions.
  1765 | D:3      | 1765 ||| READING 2 scrolls of identify.
  1765 | D:3      | 1765 ||| IDENTIFYING fuming amethyst potion
  1766 | D:3      | 1766 ||| DROPPING potion of degeneration.
  1826 | D:4      | Found a transporter.
  1831 | D:4      | Noticed a wyvern
  1831 | D:4      | Noticed a centaur
  1832 | D:4      | Found a transporter.
  1834 | D:4      | Noticed a kobold brigand
  1836 | D:4      | Found an ancient bone altar of Kikubaaqudgha.
  1848 | D:4      | Reached skill level 1 in Dodging
  1848 | D:4      | Reached XP level 6. HP: 33/38 MP: 6/6
  2074 | D:4      | 2074 ||| READING scroll of enchant weapon.
  2074 | D:4      | 2074 ||| ENCHANTING +1 war axe.
  2126 | D:4      | Identified the +1 long sword of Ylapyj {flame, Will+ Dex+2}
  2443 | D:4      | 2443 ||| Stepping ~*~*~tactically~*~*~ (hiding).
  2444 | D:4      | 2444 ||| Stepping ~*~*~tactically~*~*~ (hiding).
  2445 | D:4      | 2445 ||| Stepping ~*~*~tactically~*~*~ (hiding).
  2446 | D:4      | 2446 ||| Stepping ~*~*~tactically~*~*~ (hiding).
  2559 | D:4      | 2559 ||| DRINKING 2 lumpy golden potions.
  2560 | D:4      | 2560 ||| DROPPING potion of enlightenment.
  2591 | D:5      | Entered Level 5 of the Dungeon
  2614 | D:5      | Found a sparkling altar of Nemelex Xobeh.
  2615 | D:5      | 2615 ||| Stepping ~*~*~tactically~*~*~ (hiding).
  2618 | D:5      | 2618 ||| Stepping ~*~*~tactically~*~*~ (hiding).
  2623 | D:5      | 2623 ||| DRINKING potion of curing.
  2623 | D:5      | 2623 ||| (to cure confusion)
  2639 | D:5      | Reached skill level 6 in Axes
  2639 | D:5      | Reached XP level 7. HP: 13/43 MP: 7/7
  2640 | D:5      | 2640 ||| FLEEEEING.
  2641 | D:5      | 2641 ||| FLEEEEING.
  2642 | D:5      | 2642 ||| FLEEEEING.
  2643 | D:5      | 2643 ||| FLEEEEING.
  2644 | D:5      | 2644 ||| FLEEEEING.
  2645 | D:5      | 2645 ||| FLEEEEING.
  2646 | D:5      | 2646 ||| FLEEEEING.
  2649 | D:5      | 2649 ||| FLEEEEING.
  2650 | D:5      | 2650 ||| FLEEEEING.
  2651 | D:5      | 2651 ||| FLEEEEING.
  2654 | D:5      | 2654 ||| FLEEEEING.
  2655 | D:5      | 2655 ||| FLEEEEING.
  2656 | D:5      | 2656 ||| FLEEEEING.
  2658 | D:5      | 2658 ||| FLEEEEING.
  2661 | D:5      | 2661 ||| FLEEEEING.
  2662 | D:5      | 2662 ||| FLEEEEING.
  2663 | D:5      | 2663 ||| STAIRDANCE
  2760 | D:5      | 2760 ||| Stepping ~*~*~tactically~*~*~ (stealth).
  2761 | D:5      | 2761 ||| Stepping ~*~*~tactically~*~*~ (stealth).
  2766 | D:5      | 2766 ||| Stepping ~*~*~tactically~*~*~ (hiding).
  2811 | D:5      | 2811 ||| Stepping ~*~*~tactically~*~*~ (stealth).
  2877 | D:5      | 2877 ||| Stepping ~*~*~tactically~*~*~ (stealth).
  2879 | D:5      | 2879 ||| Stepping ~*~*~tactically~*~*~ (stealth).
  2880 | D:5      | 2880 ||| Stepping ~*~*~tactically~*~*~ (stealth).
  2881 | D:5      | 2881 ||| Stepping ~*~*~tactically~*~*~ (stealth).
  2882 | D:5      | 2882 ||| Stepping ~*~*~tactically~*~*~ (stealth).
  2931 | D:5      | Noticed Grinder
  2932 | D:5      | 2932 ||| Stepping ~*~*~tactically~*~*~ (hiding).
  2938 | D:5      | Paralysed by Grinder for 2 turns
  2953 | D:5      | Killed Grinder
  2954 | D:5      | Reached skill level 7 in Axes
  2963 | D:5      | 2963 ||| FLEEEEING.
  2980 | D:5      | Reached XP level 8. HP: 33/48 MP: 8/8
  3100 | D:5      | Found a staircase to the Ecumenical Temple.
  3101 | D:5      | 3101 ||| PLANNING TEMPLE
  3101 | D:5      | 3101 ||| UPGRADING to +0 chain mail.
  3111 | D:5      | 3111 ||| DROPPING +0 scale mail.
  3112 | D:5      | 3112 ||| UPGRADING to ring of see invisible.
  3121 | Temple   | Entered the Ecumenical Temple
  3215 | Temple   | 3215 ||| PLANNING OKAWARU WORSHIP
  3280 | Temple   | Became a worshipper of Warmaster Okawaru
  3281 | Temple   | 3281 ||| PLANNING D:1-11
  3681 | D:5      | 3681 ||| READING scroll labelled MAONIU SAESCH.
  3682 | D:5      | 3682 ||| READING scroll labelled FUSEINGUOQI.
  3720 | D:6      | 3720 ||| Stepping ~*~*~tactically~*~*~ (hiding).
  3721 | D:6      | 3721 ||| Stepping ~*~*~tactically~*~*~ (hiding).
  3723 | D:6      | 3723 ||| Stepping ~*~*~tactically~*~*~ (hiding).
  3832 | D:6      | Found a snail-covered altar of Cheibriados.
  3940 | D:6      | Found a hazy altar of Hepliaklqana.
  4079 | D:6      | Reached skill level 1 in Throwing
  4163 | D:6      | Reached skill level 8 in Axes
  4282 | D:6      | Reached skill level 6 in Fighting
  4291 | D:6      | Found a radiant altar of Vehumet.
  4472 | D:6      | Found an opulent altar of Gozag.
  4688 | D:6      | 4688 ||| UPGRADING to +0 kite shield.
  4698 | D:6      | 4698 ||| DROPPING +0 buckler.
  4699 | D:6      | 4699 ||| DRINKING 2 fizzy cyan potions.
  4891 | D:7      | 4891 ||| READING scroll of enchant weapon.
  4891 | D:7      | 4891 ||| ENCHANTING +2 war axe.
  5011 | D:7      | 5011 ||| Stepping ~*~*~tactically~*~*~ (stealth).
  5078 | D:7      | Reached XP level 9. HP: 42/55 MP: 9/9
  5080 | D:7      | Reached * piety under Okawaru
  5085 | D:7      | 5085 ||| INVOKING Heroism.
  5090 | D:7      | HP: 5/55 [wight/+0 halberd (13)]
  5091 | D:7      | 5091 ||| DRINKING potion of heal wounds.
  5096 | D:7      | HP: 13/55 [wight/+0 halberd (4)]
  5097 | D:7      | Reached skill level 6 in Shields
  5097 | D:7      | 5097 ||| INVOKING Heroism.
  5259 | D:7      | Found a shimmering altar of Xom.
  5284 | D:7      | 5284 ||| Stepping ~*~*~tactically~*~*~ (hiding).
  5286 | D:7      | 5286 ||| Stepping ~*~*~tactically~*~*~ (hiding).
  5461 | D:7      | Noticed a deep troll
  5472 | D:7      | HP: 7/55 [deep troll (17)]
  5472 | D:7      | Slain by a deep troll

Levels and vault maps discovered:
D:1:      matt_arrival_los_fun, layout_basic, minmay_close_crescents
D:2:      layout_rooms, hellmonk_ecumenical_altar_leap_of_faith
D:3:      layout_rooms, overflow_temple_1_default, roderic_batcave,
          minmay_liquid_box
D:4:      cheibrodos_greedy_goblins, layout_basic,
          gammafunk_temple_overflow_arena, nrook_campfire
D:5:      layout_basic, mainiacjoe_overflow_paths,
          minmay_temple_entry_overgrown, uniq_grinder
D:6:      layout_loops_cross, slow_altar_1, overflow_temple_1_default,
          vehumet_crystals, mainiacjoe_overflow_alcove_2, st_stairs_12
D:7:      layout_cave_pods, old_standard_altar, nicolae_ru_the_path_less_chosen,
          hellmonk_guarded_unrand_vitality_bloodlust
Temple:   hellmonk_temple_flake

Skill      XL: |  1  2  3  4  5  6  7  8  9 |
---------------+----------------------------+-----
Axes           | 2 3 4 5 6 7 8 |  8.1
Fighting       | 4 6 |  6.2
Dodging        | 1 |  1.3
Throwing       | 1 |  1.4
Armour         | 4 |  4.0
Shields        | 5 6 |  6.5

Action                     |  1- 3 |  4- 6 |  7- 9 || total
---------------------------+-------+-------+-------++-------
  Melee: War axe           |    67 |   140 |   187 ||   394
  Throw: Boomerang         |    43 |    83 |    61 ||   187
 Invoke: Heroism           |       |       |     2 ||     2
    Use: Scroll            |     4 |     6 |     3 ||    13
         Potion            |       |     4 |     2 ||     6
 Armour: Scale mail        |    19 |   114 |    25 ||   158
         Chain mail        |       |       |    87 ||    87
  Dodge: Dodged            |    31 |    79 |    79 ||   189
  Block: Buckler           |    18 |    32 |    15 ||    65
         Kite shield       |       |       |    28 ||    28

Table legend:
 A = Non-vault XP
 B = Vault XP
 C = Vault XP percentage of total XP
 D = Non-vault monster count
 E = Vault monster count
 F = Vault count percentage of total count
                 A         B        C        D         E       F
            +---------+---------+-------+---------+---------+-------
      Total |    2355 |     473 |  16.7 |     118 |      26 |  18.1
            +---------+---------+-------+---------+---------+-------
        D:1 |      35 |       9 |  20.5 |      21 |       5 |  19.2
        D:2 |      87 |       0 |   0.0 |      24 |       0 |   0.0
        D:3 |      45 |     123 |  73.2 |      12 |       9 |  42.9
        D:4 |     183 |      18 |   9.0 |      14 |       9 |  39.1
        D:5 |     473 |     272 |  36.5 |      16 |       1 |   5.9
        D:6 |     773 |      51 |   6.2 |      16 |       2 |  11.1
        D:7 |     759 |       0 |   0.0 |      15 |       0 |   0.0
            +---------+---------+-------+---------+---------+-------
